 Dungeon Crawl Stone Soup version 0.29.1-1-gd02db6906a (webtiles) character file.

Game seed: 18308543348306323677

1605 raistware the Conjurer (level 8, 0/50 HPs)
             Began as an Octopode Conjurer on Sept 23, 2022.
             Slain by a vampire mosquito (10 damage)
             ... on level 6 of the Dungeon.
             The game lasted 00:15:11 (6342 turns).

raistware the Conjurer (Octopode Conjurer)          Turns: 6342, Time: 00:15:11

Health: 0/50       AC:  1    Str:  9    XL:     8   Next: 94%
Magic:  1/5        EV: 14    Int: 22    God:
Gold:   299        SH:  0    Dex: 16    Spells: 14/19 levels left

rFire   . . .      SeeInvis .   b - +9 hand axe of Conflict {antimagic, Str+2}
rCold   . . .      Faith    .   (no shield)
rNeg    . . .      Spirit   .   (helmet restricted)
rPois   .          Reflect  .   t - amulet of regeneration
rElec   .          Harm     .   d - +6 ring of dexterity
rCorr   .          Rampage  .   (no ring)
Will    .....                   (no ring)
Stlth   +++.......              (no ring)
HPRegen 0.96/turn               (no ring)
MPRegen 0.09/turn               (no ring)
                                (no ring)
                                (no ring)

@: very slightly contaminated
A: almost no armour, amphibious, 8 rings, camouflage 1, gelatinous body 1,
(nimble swimmer 1), tentacles
a: no special abilities


You were on level 6 of the Dungeon.
You visited 1 branch of the dungeon, and saw 6 of its levels.

You collected 299 gold pieces.

Inventory:

Hand Weapons
 a - a +2 quarterstaff of chaos
 b - the +9 hand axe of Conflict (weapon) {antimagic, Str+2}
   (You found it on level 2 of the Dungeon)

   It reduces the magical energy of the wielder, and disrupts the spells and
   magical abilities of those it strikes.
   Natural abilities and divine invocations are not affected.
   Str:       It affects your strength (+2).
Missiles
 e - 4 poisoned darts
 p - 6 boomerangs of dispersal
Magical Staves
 z - a staff of fire
 B - a staff of air
Jewellery
 d - a +6 ring of dexterity (left tentacle)
 n - a ring of ice
 t - an amulet of regeneration (around mantle)
 D - an amulet of reflection
Scrolls
 c - a scroll of noise {unknown}
 f - 3 scrolls of fear
 g - 2 scrolls of acquirement {unknown}
 h - 2 scrolls of identify {unknown}
 i - a scroll of butterflies
 k - a scroll of silence {unknown}
 m - 2 scrolls of teleportation {unknown}
 r - 2 scrolls of poison {unknown}
 u - a scroll of torment {unknown}
 y - a scroll of summoning {unknown}
 C - a scroll of brand weapon {unknown}
Potions
 l - a potion of haste
 o - a potion of cancellation {unknown}
 q - a potion of invisibility {unknown}
 s - 3 potions of magic
 v - a potion of attraction
 w - a potion of brilliance
 x - a potion of berserk rage {unknown}
 A - a potion of might {unknown}


   Skills:
 - Level 2.0 Fighting
 - Level 2.0 Staves
 - Level 3.0 Dodging
 - Level 3.0 Stealth
 + Level 6.2 Spellcasting
 + Level 6.6 Conjurations
 - Level 4.0 Translocations
 - Level 2.0 Fire Magic
 - Level 2.0 Air Magic
 - Level 2.0 Evocations


You had 14 spell levels left.
You knew the following spells:

 Your Spells              Type           Power      Damage    Failure   Level
a - Magic Dart            Conj           100%       1d8       1%          1
b - Iskenderun's Mystic   Conj/Tloc      30%        2d8       10%         4

Your spell library contained the following spells:

 Spells                   Type           Power      Damage    Failure   Level
 Searing Ray              Conj           72%        2d7       1%          2
 Dazzling Flash           Conj/Hex       42%        N/A       7%          3
 Fulminant Prism          Conj/Hex       10%        3d9       22%         4


Dungeon Overview and Level Annotations

Branches:
Dungeon (6/15)
 Temple: D:4-7

Altars:
Elyvilon
Uskayaw
Wu Jian
Xom

Annotations:
D:6 1 runed translucent door, NeverExisted's ghost, novice DsNe


Innate Abilities, Weirdness & Mutations

You cannot wear most types of armour.
You are amphibious.
You can wear up to eight rings at the same time.
Your skin changes colour to match your surroundings (Stealth+).
Your rubbery body absorbs attacks. (AC +1, EV +1)
((You are camouflaged when in or above water. (Stealth+)))
You have tentacles for arms and can constrict up to eight enemies at once.


Message History

The vampire mosquito bites you.
The vampire mosquito draws strength from your injuries!
You barely miss the vampire mosquito. Your grab misses the vampire mosquito.
The vampire mosquito is severely damaged.
The vampire mosquito bites you.
The vampire mosquito draws strength from your injuries!
The vampire mosquito closely misses you. x2
Unknown command.
You completely miss the vampire mosquito.
Your grab misses the vampire mosquito. You squeeze the vampire mosquito.
The vampire mosquito is severely damaged.
The vampire mosquito barely misses you.
The vampire mosquito closely misses you.
Unknown command.
You barely miss the vampire mosquito. You grab the vampire mosquito.
The vampire mosquito is severely damaged.
You constrict the vampire mosquito, but do no damage.
The vampire mosquito misses you. x2; The vampire mosquito bites you!
The vampire mosquito draws strength from your injuries!
Unknown command.
You hit the vampire mosquito.
The vampire mosquito is heavily damaged.
You constrict the vampire mosquito.
The vampire mosquito closely misses you.
The vampire mosquito bites you!
* * * LOW HITPOINT WARNING * * *
The vampire mosquito draws strength from your injuries!
You barely miss the vampire mosquito.
The vampire mosquito is heavily damaged.
You constrict the vampire mosquito. The vampire mosquito bites you.
* * * LOW HITPOINT WARNING * * *
The vampire mosquito draws strength from your injuries!
The vampire mosquito completely misses you.
The vampire mosquito misses you.
You slash the vampire mosquito! You squeeze the vampire mosquito.
The vampire mosquito is severely damaged.
You constrict the vampire mosquito.
The vampire mosquito closely misses you.
The vampire mosquito bites you!
You die...

... ......##.##
... y....##...##
..# #....#..#..#
#####...y#.###.#
#..y.##.###.#
#..)##..._#.####
#byy#_....#..'.#
##.y##..._#.##.#
##b.##.###.#@.#
..
##.##.###.#y##
.. #.##..#..#K#
.. #..##...##y#
.. #.#.##.###.#
.. #.#.##_#...#
.. #.#K####.###
..#####.#[.##Ky#
##............##


You could see 2 vampire mosquitoes and a kobold brigand.

Vanquished Creatures
  Grinder (D:3)
  Eustachio (D:6)
  3 water moccasins
  An ice beast (D:6)
  An ogre (D:6)
  A centaur (D:6)
  A bullfrog (D:6)
  2 scorpions
  4 hounds
  3 jellies
  An orc priest (D:6)
  Crazy Yiuf (D:2)
  2 iguanas
  An orc wizard (D:6)
  7 adders
  2 shadow imps
  A white imp (D:5)
  4 dart slugs
  2 orcs
  4 giant cockroaches
  7 goblins
  6 hobgoblins
  4 quokkas
  9 ball pythons
  14 bats
  A frilled lizard (D:1)
  17 kobolds
  4 rats
105 creatures vanquished.

Notes
Turn   | Place    | Note
-------+----------+-------------------------------------------
     0 | D:1      | raistware the Octopode Conjurer began the quest for the
                  | Orb.
     0 | D:1      | Reached XP level 1. HP: 11/11 MP: 3/3
   383 | D:1      | Reached XP level 2. HP: 17/17 MP: 1/5
   464 | D:1      | Found a faded altar of an unknown god.
   995 | D:1      | Reached XP level 3. HP: 21/21 MP: 3/7
  1577 | D:2      | Identified the +9 hand axe of Conflict {antimagic, Str+2}
  1834 | D:2      | Reached XP level 4. HP: 27/27 MP: 0/9
  1950 | D:2      | Found a runed translucent door.
  1951 | D:2      | Noticed Crazy Yiuf
  2201 | D:2      | Killed Crazy Yiuf
  2202 | D:2      | Reached skill level 1 in Translocations
  2462 | D:3      | Learned a level 4 spell: Iskenderun's Mystic Blast
  2622 | D:3      | Noticed Grinder
  2936 | D:3      | Found an ornate altar of the Wu Jian Council.
  3351 | D:3      | Killed Grinder
  3352 | D:3      | Reached XP level 5. HP: 16/32 MP: 3/11
  3352 | D:3      | Reached XP level 6. HP: 18/37 MP: 3/12
  3563 | D:4      | Reached skill level 1 in Fire Magic
  3563 | D:4      | Reached skill level 1 in Evocations
  3731 | D:4      | Reached skill level 1 in Staves
  3966 | D:4      | Reached skill level 1 in Fighting
  4122 | D:4      | Reached XP level 7. HP: 43/43 MP: 10/13
  4291 | D:5      | Entered Level 5 of the Dungeon
  5305 | D:5      | Reached skill level 1 in Air Magic
  5305 | D:5      | Reached XP level 8. HP: 50/50 MP: 9/15
  5389 | D:6      | Reached skill level 5 in Spellcasting
  5389 | D:6      | Reached skill level 5 in Conjurations
  5830 | D:6      | Noticed NeverExisted's ghost (novice DsNe)
  5830 | D:6      | Found a runed translucent door.
  5980 | D:6      | Noticed Eustachio
  5998 | D:6      | Killed Eustachio
  6207 | D:6      | Found a faded altar of an unknown god.
  6207 | D:6      | Found a faded altar of an unknown god.
  6215 | D:6      | Found a hide-covered altar of Uskayaw.
  6217 | D:6      | Found a shimmering altar of Xom.
  6219 | D:6      | Found a white marble altar of Elyvilon.
  6342 | D:6      | Slain by a vampire mosquito

Illustrated notes

Levels and vault maps discovered:
D:1:      mainiacjoe_arrival_reflecting_pool, layout_basic,
          hellmonk_ecumenical_altar_crossroads
D:2:      layout_basic, uniq_crazy_yiuf_cottage
D:3:      layout_loops_ring, overflow_temple_1_default, uniq_grinder
D:4:      layout_rooms, minmay_misc_feat_room, minmay_cupped
D:5:      layout_loops_ring
D:6:      layout_rooms, chequers_temple_overflow_minitemple,
          gammafunk_ghost_grave, uniq_eustachio

Skill      XL: |  1  2  3  4  5  6  7  8 |
---------------+-------------------------+-----
Spellcasting   | 3 4 6 |  6.2
Translocations | 4 |  4.0
Stealth        | 3 |  3.0
Fire Magic     | 1 2 |  2.0
Evocations     | 1 2 |  2.0
Staves         | 1 2 |  2.0
Fighting       | 1 2 |  2.0
Air Magic      | 1 2 |  2.0
Conjurations   | 6 |  6.6
Dodging        | 3 |  3.0

Action                   |  1- 3 |  4- 6 |  7- 9 || total
-------------------------+-------+-------+-------++-------
Melee: Unarmed           |    12 |       |       ||    12
       Constrict         |     5 |     5 |    13 ||    23
       Tentacles         |     3 |     4 |    13 ||    20
       Quarterstaff      |       |    15 |    45 ||    60
       Hand axe          |       |     3 |     7 ||    10
Throw: Dart              |       |       |     1 ||     1
 Cast: Magic Dart        |    70 |    65 |    65 ||   200
       Iskenderun's Myst |       |       |    12 ||    12
  Use: Potion            |       |       |     5 ||     5
       Scroll            |       |       |     3 ||     3
 Stab: Sleeping          |     1 |     2 |     2 ||     5
Armor: Skin              |     4 |     3 |     6 ||    13
Dodge: Dodged            |     5 |    15 |    49 ||    69
